 Dungeon Crawl Stone Soup version 0.26-a0-720-g2a1d101370 (webtiles) character file.

Game seed: 7224460508260045584

31 runemasterragnar the Shield-Bearer (level 3, -4/26 HPs)
             Began as an Octopode Fighter on Nov 4, 2020.
             Slain by a gnoll
             ... wielding a +4 halberd of venom
              (5 damage)
             ... on level 2 of the Dungeon.
             The game lasted 00:00:48 (806 turns).

runemasterragnar the Shield-Bearer (OpFi)            Turns: 806, Time: 00:00:49

Health: -4/26      AC:  1    Str: 15    XL:     3   Next: 22%
Magic:  3/3        EV: 12    Int: 11    God:
Gold:   65         SH:  9    Dex: 13    Spells: 2/2 levels left

rFire    . . .     SeeInvis .   a - +0 long sword
rCold    . . .     Faith    .   b - +0 kite shield
rNeg     . . .     Spirit   .   (helmet restricted)
rPois    .         Reflect  .   (no amulet)
rElec    .         Harm     .   (no ring)
rCorr    .         Rampage  .   (no ring)
MR       .....                  (no ring)
Stlth    +++.......             (no ring)
HPRegen  0.08/turn              (no ring)
MPRegen  0.08/turn              (no ring)
                                (no ring)
                                (no ring)

@: lethally poisoned (-4 -> -30)
A: almost no armour, stealthy swim, amphibious, 8 rings, constrict 8, camouflage
1, agile 1, blurry vision 1, gelatinous body 1
a: no special abilities


You were on level 2 of the Dungeon.
You visited 1 branch of the dungeon, and saw 2 of its levels.

You collected 65 gold pieces.

Inventory:

Hand Weapons
 a - a +0 long sword (weapon)
Armour
 b - a +0 kite shield (worn)
Jewellery
 i - an uncursed ring of ice {unknown}
Scrolls
 d - a scroll of fog {unknown}
 e - a scroll of fear {unknown}
 f - a scroll of amnesia {unknown}
 h - a scroll of remove curse {unknown}
Potions
 c - a potion of might
 g - a potion of curing {unknown}


   Skills:
 + Level 3.1 Fighting
 * Level 2.5 Long Blades
 + Level 0.6 Throwing
 + Level 3.1 Dodging
 + Level 1.2 Stealth
 + Level 3.2 Shields
 + Level 0.5 Unarmed Combat


You had 2 spell levels left.
You didn't know any spells.
Your spell library was empty.

Dungeon Overview and Level Annotations

Branches:
Dungeon (2/15)

Altars:


Innate Abilities, Weirdness & Mutations

You cannot wear most types of armour.
You are very stealthy in the water. (Stealth+)
You are amphibious.
You can wear up to eight rings at the same time.
You can use your tentacles to constrict eight enemies at once.
Your skin changes colour to match your surroundings (Stealth+).
Your rubbery body absorbs attacks. (AC +1, EV +1)
You are agile. (Dex +2)
Scrolls take you a little longer to read.


Message History

The gnoll shouts! x2
The gnoll hits you with a +4 halberd of venom.
Unknown command.
The gnoll shouts!
You hit the gnoll. You grab the gnoll.
The gnoll is lightly wounded.
You constrict the gnoll. x2; The gnoll hits you.
The gnoll hits you with a +4 halberd of venom!
Ouch! That really hurt!
* * * LOW HITPOINT WARNING * * *
You are lethally poisoned!
Unknown command.
It was a potion of mutation.
You feel extremely strange.
Your vision blurs.
You feel agile.
You constrict the gnoll. x2
* * * LOW HITPOINT WARNING * * *
You feel very sick. The gnoll misses you. You block the kobold's attack.
The gnoll hits you with a +4 halberd of venom.
You die...

#+##
##...##
##⌠...⌠##
#.gg....#
#.@K⌠.<.#
#..g.g..#
##⌠.<.⌠##
##...##
####


You could see 4 gnolls and a kobold.

Vanquished Creatures
  A gnoll (D:1)
  A dart slug (D:1)
  2 leopard geckos (D:1)
  A ball python (D:1)
  A giant cockroach (D:1)
  4 goblins (D:1)
  3 hobgoblins (D:1)
  A kobold (D:1)
  A bat (D:1)
  A rat (D:1)
16 creatures vanquished.

Notes
Turn   | Place    | Note
-------+----------+-------------------------------------------
     0 | D:1      | runemasterragnar the Octopode Fighter began the quest for
                  | the Orb.
     0 | D:1      | Reached XP level 1. HP: 16/16 MP: 1/1
    31 | D:1      | Reached XP level 2. HP: 21/21 MP: 2/2
   317 | D:1      | Reached skill level 1 in Stealth
   406 | D:1      | Reached XP level 3. HP: 26/26 MP: 3/3
   806 | D:2      | Gained mutation: Scrolls take you a little longer to read.
                  | [potion of mutation]
   806 | D:2      | Gained mutation: You are agile. (Dex +2) [potion of
                  | mutation]
   806 | D:2      | HP: 1/26 [poisoned by a gnoll]
   806 | D:2      | Slain by a gnoll

Illustrated notes

Levels and vault maps discovered:
D:1:      scummos_arrival_gate, layout_basic
D:2:      layout_loops_corners, grunt_ministairs_7

Skill      XL: |  1  2 |
---------------+-------+-----
Stealth        | 1 |  1.2
Fighting       | |  3.1
Long Blades    | |  2.5
Throwing       | |  0.6
Dodging        | |  3.1
Shields        | |  3.2
Unarmed Combat | |  0.5

Action                   || total
-------------------------++-------
Melee: Long sword        ||    30
       Constrict         ||    14
       Tentacles         ||     6
  Use: Potion            ||     1
 Stab: Sleeping          ||     4
Armor: Skin              ||     1
Dodge: Dodged            ||    12
Block: Kite shield       ||    16
       Rpst.: Long sword ||     4

Table legend: (Time is in decaauts)
 A = Elapsed time spent in this place.
 B = Non-inter-level travel time spent in this place.
 C = Inter-level travel time spent in this place.
 D = Time resting spent in this place.
 E = Time spent auto-exploring this place.
 F = Levels seen in this place.
 G = Mean time per level.
                   A        B        C        D        E       F      G
               +--------+--------+--------+--------+--------+-----+--------+
         Total |    817 |    792 |     25 |      0 |    673 |   2 |  408.5 |
       Dungeon |    817 |    792 |     25 |      0 |    673 |   2 |  408.5 |
               +--------+--------+--------+--------+--------+-----+--------+

Top non-repeatable levels by time:
     D:1: 813 daAuts
     D:2: 3 daAuts
